 Dungeon Crawl Stone Soup version 0.29-a0-598-gd8304a5bf4 (webtiles) character file.

Game seed: 14153142827761842627

420 ptdevnull the Sneak (level 7, -2/43 HPs)
             Began as a Kobold Artificer on June 16, 2022.
             Was an Initiate of Gozag.
             Splashed by a jelly's acid (10 damage)
             ... on level 4 of the Dungeon.
             The game lasted 00:06:52 (3935 turns).

ptdevnull the Sneak (Kobold Artificer)              Turns: 3935, Time: 00:06:52

Health: -2/43      AC: -2    Str:  9    XL:     7   Next: 16%
Magic:  7/7        EV: 15    Int: 13    God:    Gozag
Gold:   348        SH:  0    Dex: 17    Spells: 6/6 levels left

rFire   + . .      SeeInvis .   k - +2 whip (drain)
rCold   + . .      Faith    .   (no shield)
rNeg    . . .      Spirit   .   b - +0 leather armour
rPois   .          Reflect  .   l - +1 helmet
rElec   .          Harm     .   (no cloak)
rCorr   .          Rampage  .   (no gloves)
Will    .....                   (no boots)
Stlth   ++++......              (no amulet)
HPRegen 0.14/turn               p - ring of protection from fire
MPRegen 0.10/turn               y - ring of protection from cold

@: corroded, gold aura
A: small, no large weapons, nightstalker 3
a: Renounce Religion, Potion Petition, Call Merchant, Bribe Branch


You were on level 4 of the Dungeon.
You worshipped Gozag.
Gozag was aware of your devotion.
You visited 1 branch of the dungeon, and saw 4 of its levels.

You collected 405 gold pieces.
You paid 57 gold pieces to Gozag.

Inventory:

Hand Weapons
 a - a +0 club
 f - a +1 mace of protection
 k - a +2 whip of draining (weapon)
 m - a +2 flail of protection
 x - a +0 short sword
Armour
 b - a +0 leather armour (worn)
 l - a +1 helmet (worn)
Jewellery
 p - a ring of protection from fire (left hand)
 w - a +6 ring of dexterity
 y - a ring of protection from cold (right hand)
Wands
 c - a wand of flame (15) (quivered)
 d - a wand of charming (12)
 e - a wand of iceblast (7)
 r - a wand of digging (4)
Scrolls
 h - 7 scrolls of identify
 n - a scroll of poison {unknown}
 q - a scroll of magic mapping {unknown}
 s - a scroll of fear {unknown}
 u - 2 scrolls of blinking {unknown}
Potions
 g - 2 potions of brilliance
 i - 2 potions of might {unknown}
 j - 4 potions of lignification {unknown}
 o - a potion of cancellation {unknown}
 t - a potion of curing {unknown}
 v - a potion of resistance {unknown}
 z - a potion of ambrosia {unknown}


   Skills:
 - Level 4.0 Fighting
 - Level 0.7 Armour
 - Level 4.0 Dodging
 + Level 6.3 Stealth
 - Level 5.0 Evocations


You had 6 spell levels left.
You didn't know any spells.
Your spell library contained the following spells:

 Spells                   Type           Power      Damage    Failure   Level
 Summon Small Mammal      Summ           0%         N/A       38%         1
 Call Canine Familiar     Summ           0%         N/A       77%         3
 Portal Projectile        Hex/Tloc       0%         N/A       77%         3
 Summon Guardian Golem    Hex/Summ       0%         N/A       77%         3
 Tukima's Dance           Hex            0%         N/A       77%         3
 Blade Hands              Tmut           0%         N/A       100%        5
 Iskenderun's Battlesphe  Conj           0%         2d6       100%        5
 Iron Shot                Conj/Erth      0%         9d1       100%        6
 Orb of Destruction       Conj           0%         9d5       100%        7
 Spellforged Servitor     Conj/Summ      0%         N/A       100%        7


Dungeon Overview and Level Annotations

Branches:
Dungeon (4/15)
 Temple: D:4-7

Altars:
Gozag
Zin

Shops:
D:2 [


Innate Abilities, Weirdness & Mutations

You are small and have problems with some larger weapons.
You are completely attuned to the shadows.


Message History

A quokka is nearby!
Found 21 gold pieces.
You closely miss the quokka. The quokka barely misses you.
You closely miss the quokka. The quokka closely misses you.
You hit the quokka. You drain the quokka.
You kill the quokka!
No target in view!
No target in view!
A jelly comes into view.
A jelly is nearby!
The jelly quivers.
No target in view!
No target in view!
No target in view!
The jelly misses you.
You hit the jelly. You drain the jelly.
Your hands burn!
The jelly is heavily wounded.
The jelly is distracted by your dazzling golden aura.
The jelly quivers.
You hit the jelly.
The jelly is no longer distracted by gold.
The acid corrodes you!
Your hands burn!
The jelly is severely wounded.
The jelly hits you.
You are splashed with acid!
The jelly hits you. The acid corrodes you!
You are splashed with acid!
You hit the jelly but do no damage.
Your hands burn!
The jelly is severely wounded.
The jelly closely misses you.
You hit the jelly but do no damage.
Your hands burn!
The jelly is severely wounded.
The jelly barely misses you.
You hit the jelly but do no damage.
Your hands burn!
* * * LOW HITPOINT WARNING * * *
The jelly is severely wounded.
The jelly closely misses you. The jelly attacks as you move away!
The jelly hits you.
* * * LOW HITPOINT WARNING * * *
You are splashed with acid!
You die...
Your body crumbles into a pile of gold.

#.######.#.####.#
#.####### #.#
##.## #.#
#.......# #.#
#.### #.#
#######.# #.#
#...# #.# #.#
#.## #.#.# #####
#.# #..#
###.###...## #.#
..## $##'##$....#
#.# #.#
.........#J.# #.#
#.# ..#####$.@..#
#.# #.# . ##...##
#.# #.####
##.#########.#
.....#
#.#.........#
#(####
#.########### ..#
..# #.## ...#


You could see a jelly (very drained).

Vanquished Creatures
  Sigmund (D:2)
  An ogre (D:3)
  A gnoll shaman (D:4)
  An orc wizard (D:3)
  4 adders
  A worm (D:4)
  A dart slug (D:4)
  5 orcs (D:3)
  8 ball pythons
  8 endoplasms
  7 giant cockroaches
  7 goblins
  3 hobgoblins
  5 quokkas
  13 bats
  4 frilled lizards
  7 kobolds
  6 rats
83 creatures vanquished.

Vanquished Creatures (others)
  Terence (D:2)
1 creature vanquished.

Grand Total: 84 creatures vanquished

Notes
Turn   | Place    | Note
-------+----------+-------------------------------------------
     0 | D:1      | ptdevnull the Kobold Artificer began the quest for the Orb.
     0 | D:1      | ptdevnull set off with the following wands: flame,
                  | charming, and iceblast.
     0 | D:1      | Reached XP level 1. HP: 12/12 MP: 1/1
   132 | D:1      | Reached XP level 2. HP: 7/16 MP: 2/2
   325 | D:1      | Reached skill level 2 in Stealth
   623 | D:1      | Reached XP level 3. HP: 21/21 MP: 3/3
  1111 | D:2      | Found Latukoc's Antique Armour Shop.
  1179 | D:2      | Noticed Terence
  1195 | D:2      | Your ally Terence died
  1834 | D:2      | Noticed Sigmund
  1836 | D:2      | Killed Sigmund
  1837 | D:2      | Reached skill level 4 in Stealth
  1837 | D:2      | Reached XP level 4. HP: 28/28 MP: 4/4
  1837 | D:2      | Reached XP level 5. HP: 32/32 MP: 5/5
  1837 | D:2      | Reached XP level 6. HP: 37/37 MP: 6/6
  2074 | D:3      | Found a glowing silver altar of Zin.
  2124 | D:3      | Reached skill level 5 in Evocations
  2405 | D:3      | Found an opulent altar of Gozag.
  2465 | D:3      | Became a worshipper of Gozag Ym Sagoz the Greedy
  2998 | D:3      | Noticed an ogre
  3047 | D:3      | Killed an ogre
  3048 | D:3      | Reached skill level 5 in Stealth
  3343 | D:4      | Reached XP level 7. HP: 43/43 MP: 7/7
  3628 | D:4      | Reached skill level 6 in Stealth
  3935 | D:4      | Splashed by a jelly's acid

Illustrated notes

Levels and vault maps discovered:
D:1:      lightli_arrival_statue_moat, layout_rooms, fountainhead,
          chequers_decorated_corner
D:2:      layout_loops_cross, serial_shops, shop, uniq_sigmund, uniq_terence
D:3:      layout_loops_ring, grunt_gozag_breadcrumbs, lemuel_doored_altar
D:4:      minmay_octagon_keep, layout_loops_ring, minmay_small_thing

Skill      XL: |  1  2  3  4  5  6  7 |
---------------+----------------------+-----
Stealth        | 2 4 5 6 |  6.3
Dodging        | 4 |  4.0
Evocations     | 4 5 |  5.0
Fighting       | 3 4 |  4.0
Armour         | |  0.7

Action                   |  1- 3 |  4- 6 |  7- 9 || total
-------------------------+-------+-------+-------++-------
Melee: Mace              |    77 |       |       ||    77
       Whip              |    50 |    82 |    37 ||   169
       Punch             |       |     1 |       ||     1
Evoke: Wand              |     3 |     2 |       ||     5
  Use: Scroll            |     1 |       |       ||     1
 Stab: Sleeping          |    16 |    14 |     6 ||    36
Armor: Leather armour    |    42 |    10 |     5 ||    57
Dodge: Dodged            |    91 |    49 |    18 ||   158

Table legend: (Time is in decaauts)
 A = Elapsed time spent in this place.
 B = Non-inter-level travel time spent in this place.
 C = Inter-level travel time spent in this place.
 D = Time resting spent in this place.
 E = Time spent auto-exploring this place.
 F = Levels seen in this place.
 G = Mean time per level.
                   A        B        C        D        E       F      G
               +--------+--------+--------+--------+--------+-----+--------+
         Total |   3981 |   3859 |    122 |    403 |   2702 |   4 |  995.2 |
       Dungeon |   3981 |   3859 |    122 |    403 |   2702 |   4 |  995.2 |
               +--------+--------+--------+--------+--------+-----+--------+

Top non-repeatable levels by time:
     D:1: 1300 daAuts
     D:3: 1149 daAuts
     D:2: 789 daAuts
     D:4: 742 daAuts
